Map: Frozen Temple

Players

ThisGameSuck - Winner!

  • Race: Protoss Protoss
  • League: Grandmaster

llllllllllll (Dolan)

  • Race: Terran Terran
  • League: Master

VOD

Have the link to the VOD?

Description

Time

  • Played on: June 29, 2016, 11:56 a.m.
  • Length: 12:48
Show
View Real Time Build Order
Export as new Build Order

ThisGameSuck Protoss - Winner!

Build Orders: 1 Gate Expand, Blink Stalkers 

Get SALT Encoding   

  12  0:01  Probe (Chrono Boost)  
  13  0:12  Probe (Chrono Boost)  
  14  0:17  Pylon  
  14  0:22  Probe (Chrono Boost)  
  15  0:36  Gateway, Probe (Chrono Boost)  
  16  0:46  Probe (Chrono Boost)  
  16  0:47  Assimilator  
  18  0:57  Probe (Chrono Boost)  
  18  1:07  Probe (Chrono Boost)  
  19  1:20  Nexus  
  19  1:29  Cybernetics Core  
  19  1:32  Probe (Chrono Boost)  
  20  1:37  Assimilator  
  20  1:43  Probe (Chrono Boost)  
  21  1:48  Pylon  
  21  1:53  Probe (Chrono Boost)  
  22  2:06  Mothership Core (Chrono Boost)  
  24  2:09  Adept  
  26  2:17  Warp Gate (Chrono Boost)  
  26  2:25  Probe (Chrono Boost)  
  27  2:33  Probe (Chrono Boost)  
  27  2:35  Probe (Chrono Boost)  
  29  2:41  Robotics Facility  
  29  2:45  Probe (Chrono Boost)  
  29  2:46  Probe (Chrono Boost)  
  31  2:54  Probe  
  31  2:58  Probe  
  33  2:59  Twilight Council  
  33  3:05  Probe (Chrono Boost)  
  33  3:10  Probe (Chrono Boost)  
  35  3:17  Probe (Chrono Boost)  
  36  3:21  Probe (Chrono Boost)  
  36  3:23  Gateway  
  36  3:25  Gateway, Assimilator  
  36  3:26  Probe (Chrono Boost)  
  37  3:28  Observer (Chrono Boost)  
  37  3:32  Probe  
  40  3:37  Pylon  
  40  3:38  Probe  
  40  3:39  Blink (Chrono Boost)  
  41  3:44  Probe  
  42  3:49  Probe  
  42  3:50  Observer (Chrono Boost)  
  44  3:56  Probe  
  44  3:57  Pylon  
  44  3:59  Probe  
  46  4:02  Pylon  
  46  4:08  Probe  
  46  4:09  Observer (Chrono Boost)  
  48  4:10  Probe  
  49  4:20  Stalker x3, Probe  
  49  4:21  Probe  
  57  4:26  Pylon  
  57  4:33  Probe  
  58  4:43  Stalker x2  
  58  4:46  Stalker, Warp Prism (Chrono Boost)  
  58  4:47  Probe  
  58  4:48  Probe  
  60  5:10  Stalker x3  
  65  5:23  Probe  
  65  5:25  Probe (Chrono Boost)  
  67  5:29  Nexus  
  67  5:33  Immortal  
  68  5:35  Assimilator, Probe (Chrono Boost)  
  68  5:41  Probe (Chrono Boost)  
  73  5:43  Sentry, Pylon  
  73  5:45  Resonating Glaives  
  73  5:46  Probe (Chrono Boost)  
  76  5:53  Probe (Chrono Boost)  
  78  5:57  Probe (Chrono Boost)  
  78  6:00  Forge  
  78  6:03  Forge  
  79  6:06  Probe (Chrono Boost)  
  79  6:09  Adept x3  
  85  6:16  Pylon  
  85  6:21  Pylon  
  84  6:30  Stalker  
  86  6:34  Probe x2 (Chrono Boost)  
  86  6:36  Stalker x2  
  92  6:40  Probe  
  92  6:43  Protoss Ground Weapons Level 1 (Chrono Boost), Protoss Ground Armor Level 1 (Chrono Boost)  
  91  6:54  Stalker  
  91  6:55  Probe  
  94  7:01  Stalker x2  
  94  7:02  Gateway  
  94  7:06  Gateway  
  96  7:16  Immortal (Chrono Boost)  
  96  7:17  Probe x2  
  96  7:21  Gateway  
  103  7:34  Pylon  
  102  7:42  Zealot x2  
  102  7:43  Zealot  
  108  7:47  Probe x2  
  108  7:51  Immortal, Pylon  
  110  7:53  Gateway  
  110  7:54  Gateway  
  110  7:55  Pylon  
  114  8:00  Templar Archives  
  114  8:01  Zealot  
  114  8:03  Sentry  
  118  8:09  Adept  
  118  8:10  Adept x2  
  124  8:23  Gateway  
  124  8:25  Adept x2  
  124  8:26  Pylon  
  128  8:27  Adept, Immortal  
  128  8:29  Pylon  
  134  8:46  Adept  
  134  8:47  Adept x5  
  146  8:53  Pylon  
  146  8:58  Pylon  
  146  9:00  Pylon  
  146  9:02  Immortal  
  146  9:06  Gateway  
  150  9:16  Adept x6  
  160  9:30  Adept x2  
  164  9:36  Adept  
  164  9:37  Adept x5  
  118  10:11  Stalker  
  118  10:12  Stalker x5  
  118  10:13  Stalker x3  
  136  10:16  Protoss Ground Armor Level 2 (Chrono Boost), Protoss Ground Weapons Level 2 (Chrono Boost)  
  136  10:17  Probe x3  
  91  10:36  Adept x7  
  101  10:45  Probe x2  
  103  10:56  High Templar x2  
  107  10:57  Sentry, Stalker  
  107  10:58  Adept, Stalker x2  
  107  11:00  Archon  
  117  11:09  Assimilator  
  117  11:10  Assimilator  
  117  11:11  Adept x3  
  119  11:30  Adept x7  
  114  11:40  Probe  
  114  11:57  Nexus  
  112  12:05  Zealot x2  
  112  12:06  Stalker x2, Zealot  
  112  12:07  Stalker x4  
  130  12:23  Zealot  
  118  12:40  Adept x7  
  118  12:41  Adept  
Show
View Real Time Build Order
Export as new Build Order

llllllllllll Terran 

Build Orders: Liberator Opening, Bio Tank 

Get SALT Encoding   

  12  0:00  SCV  
  13  0:12  SCV  
  14  0:18  Supply Depot  
  14  0:24  SCV  
  15  0:39  SCV  
  15  0:40  Barracks  
  16  0:44  Refinery  
  16  0:51  SCV  
  17  1:03  SCV  
  18  1:15  SCV  
  19  1:27  Barracks Reactor  
  19  1:28  Orbital Command  
  19  1:40  Command Center  
  19  1:48  Supply Depot  
  19  1:53  SCV  
  20  2:03  Marine  
  20  2:04  Marine  
  20  2:06  SCV  
  23  2:11  Factory  
  23  2:17  Refinery  
  23  2:19  SCV  
  24  2:25  Marine x2  
  26  2:32  SCV  
  27  2:43  Marine x2  
  28  2:44  SCV  
  29  2:52  Orbital Command  
  29  2:55  Factory Tech Lab  
  29  2:57  SCV  
  30  2:59  Starport  
  30  3:07  Marine x2  
  32  3:15  Cyclone  
  32  3:19  Liberator, SCV x2  
  38  3:24  Supply Depot  
  38  3:28  Marine x2  
  40  3:40  SCV x2  
  45  3:45  Supply Depot  
  45  3:52  Marine x2  
  47  3:57  SCV x2  
  47  3:59  Siege Tank  
  52  4:04  Supply Depot  
  52  4:09  SCV x2, Liberator  
  54  4:10  Marine x2  
  55  4:24  SCV  
  55  4:25  SCV  
  55  4:27  Marine x2  
  60  4:46  SCV x2  
  60  4:47  Marine x2  
  60  4:50  Siege Tank  
  60  4:51  Barracks  
  60  4:52  Barracks  
  67  4:58  SCV x2  
  61  5:10  Marine x2, SCV x2  
  61  5:11  Medivac  
  64  5:15  Refinery  
  64  5:17  Supply Depot, Refinery  
  64  5:22  SCV  
  64  5:23  SCV  
  64  5:28  Marine x2  
  65  5:30  Siege Tank  
  65  5:35  SCV x2  
  70  5:40  Barracks Tech Lab x2  
  70  5:45  Marine  
  70  5:46  Marine  
  70  5:47  SCV x2  
  74  5:52  Engineering Bay  
  74  5:59  SCV x2  
  76  6:11  SCV  
  76  6:12  SCV  
  76  6:15  Combat Shields  
  76  6:16  Starport Reactor, Stimpack  
  78  6:19  Supply Depot  
  78  6:23  Supply Depot  
  78  6:25  Marine x4, Siege Tank  
  85  6:29  Barracks x2  
  85  6:31  Terran Infantry Weapons Level 1  
  85  6:33  SCV  
  86  6:41  SCV  
  86  6:43  Marine x4  
  91  6:54  Medivac x2  
  91  6:57  Siege Tank  
  91  7:01  Supply Depot, Marine x4  
  102  7:04  Supply Depot  
  102  7:14  SCV x2  
  101  7:19  Barracks Reactor  
  101  7:20  Barracks Reactor, Marine  
  101  7:22  Marine x3  
  105  7:25  Medivac  
  105  7:26  SCV x2  
  105  7:28  Supply Depot  
  105  7:29  Siege Tank  
  112  7:35  Supply Depot  
  112  7:36  Supply Depot  
  112  7:37  Supply Depot, Marine  
  112  7:39  Medivac  
  112  7:40  Marine x3  
  112  7:42  Supply Depot  
  112  7:44  Supply Depot  
  118  7:50  Ghost Academy  
  118  7:55  Medivac  
  120  8:01  Marine x2  
  120  8:02  Marine x5  
  120  8:03  Marine  
  128  8:07  Supply Depot  
  128  8:09  Medivac  
  130  8:19  Marine x3  
  132  8:20  Marine x3  
  132  8:22  Ghost x2  
  132  8:25  Medivac  
  141  8:48  Marine x6  
  142  8:50  Ghost  
  142  8:51  Ghost  
  142  8:53  Siege Tank  
  152  9:05  Marine  
  152  9:06  Marine  
  153  9:32  Marine x3, Medivac x2, Siege Tank, Ghost  
  153  9:33  Marine x4  
  139  9:50  Marine x4  
  139  9:51  Marine x3  
  106  10:01  Marine  
  106  10:05  Siege Tank  
  106  10:06  Medivac  
  107  10:08  Marine x4  
  107  10:09  Marine x3  
  114  10:19  Marine  
  114  10:20  Medivac  
  117  10:26  Marine x2, Ghost  
  101  10:37  Liberator x2  
  98  10:44  Marine x5, Ghost  
  98  10:45  Marine  
  106  10:54  Orbital Command  
  112  11:07  Marine x2  
  112  11:08  Marine  
  115  11:16  Sensor Tower  
  115  11:17  Refinery x2  
  93  11:40  Ghost  
  93  11:41  Marine x6  
  93  11:42  Marine  
  101  11:47  Orbital Command  
  101  11:58  Marine  
  105  12:23  Marine x2  
Tags
 
Add a new tag
Caveats
  • Supply blocks, unpowered buildings, or Contaminate may cause inaccurate times.
  • Supply counts are checked every 10 seconds.